 Dungeon Sprint DCSS version 0.14-a0-519-g334afa2 (webtiles) character file.

5984 MDvedh the Bludgeoner (level 10, -7/68 HPs)
             Began as a Gargoyle Fighter on Nov 2, 2013.
             Was the Champion of Makhleb.
             Mangled by an orc knight
             ... wielding a -1,+1 orcish battleaxe
              (12 damage)
             ... in the Dungeon (Sprint IX: "|||||||||||||||||||||||||||||").
             The game lasted 00:05:00 (1219 turns).

MDvedh the Bludgeoner (Gargoyle Fighter)            Turns: 1219, Time: 00:05:00

HP  -7/68        AC 27     Str 23      XL: 10   Next: 68%
MP   9/9         EV  9     Int  9      God: Makhleb [******]
Gold 525         SH  0     Dex  9      Spells:  0 memorised,  9 levels left

Res.Fire  : . . .   See Invis. : .   s - +2 dire flail (protect)
Res.Cold  : . . .   Warding    : .   q - +1 elf scale mail
Life Prot.: + . .   Conserve   : .   (no shield)
Res.Poison: +       Res.Corr.  : .   b - +0 helmet
Res.Elec. : .       Clarity    : .   r - +0 elf cloak
Sust.Abil.: . .     Spirit.Shd : .   (no gloves)
Res.Mut.  : .       Prev.Telep.: +   C - +0 pair of boots
Res.Rott. : +       Flight     : .   (no amulet)
Saprovore : . . .                    (no ring)
                                     (no ring)

@: somewhat resistant to hostile enchantments, extremely unstealthy
A: fangs 1, talons 2, life protection 1, slow metabolism 1, unbreathing,
petrification resistance, AC +7
a: Minor Destruction, Lesser Servant of Makhleb, Major Destruction, Greater
Servant of Makhleb, Renounce Religion


You were in the Dungeon.
You worshipped Makhleb.
Makhleb was exalted by your worship.
You were completely stuffed.

You visited 1 branch You collected 525 gold pieces.

Inventory:

Hand weapons
 a - a +0,+0 mace
 s - a +2,+2 dire flail of protection (weapon)
Armour
 b - a +0 helmet (worn)
 c - a +0 shield
 q - a +1 elven scale mail (worn)
 r - a +0 elven cloak (worn)
 C - a +0 pair of boots (worn)
Magical devices
 n - a wand of fire (7)
Comestibles
 d - 11 bread rations
 A - 40 strawberries
 B - 12 meat rations
Scrolls
 j - 3 scrolls of blinking
 l - 3 scrolls of remove curse
 m - 2 scrolls of amnesia
 w - 4 scrolls of fog
 x - a scroll of fear
 y - a scroll of enchant weapon III
 z - a scroll of identify
Jewellery
 o - a +2 ring of protection
 p - a +3 ring of intelligence
Potions
 e - 5 potions of curing
 f - 5 potions of heal wounds
 g - 2 potions of speed
 h - 4 potions of magic
 i - a potion of brilliance
 k - a potion of invisibility
 t - a potion of berserk rage
 u - a potion of cure mutation


   Skills:
 + Level 14.4 Fighting
 + Level 17.0 Maces & Flails
 + Level 14.4 Armour
   Level 3.2 Shields


You had 9 spell levels left.
You didn't know any spells.

Dungeon Overview and Level Annotations

Branches:
Dungeon (1/1)

Altars:
Ashenzari
Cheibriados
Elyvilon
Fedhas
Kikubaaqudgha
Makhleb
Nemelex Xobeh
Okawaru
Sif Muna
Trog
Vehumet
Xom
Yredelemnul
Zin
the Shining One


Innate Abilities, Weirdness & Mutations

You are resistant to torment.
You are immune to poison.
Your stone body is very resilient (AC +7).
You have very sharp teeth.
You have razor-sharp toenails.
You resist negative energy.
You have a slow metabolism.
You can survive without breathing.
You are immune to petrification.


Message History

Unknown command.
You sock the orc knight!
The orc knight is heavily wounded.
The orc priest looks braver.
Unknown command.
You sock the orc knight!
The orc knight is severely wounded.
The orc knight closely misses you.
The orc zombie hits you with an orcish hand axe.
* * * LOW HITPOINT WARNING * * *
Unknown command.
You barely miss the orc knight.
You bite the orc knight, but do no damage.
The orc knight is severely wounded.
Unknown command.
You hit the orc knight but do no damage.
The orc knight is severely wounded.
The orc wizard's eyes start to glow.
The orc knight hits you with an orcish battleaxe!
You die...

#.#.#.#.#.#
#'#.#'#.#.#
#_#.#.#.#.#
#_#.#.#.#.#
#_#.#.#.#.#
#_#.#.#.#.#
#_#.#.#.#.#
#_#.#.#.#z#
#_#.#.#.#@#
#_#.#.#.#o#
#_#.#.#.#o#
#_#.#'#.#o#
#_#.#.#.#o#
#_#.#.#.#o#
#_#.#.#.#o#
#_#.#.#.#o#
#_#.#.#.#o#


You could see 2 orc knights, 4 orc warriors, an orc priest (frenzied), an orc
wizard (frenzied) and an orc zombie.

Vanquished Creatures
  A hill giant (D)
  2 orc sorcerers (D)
  3 spiny frogs (D)
  2 trolls (D)
  A two-headed ogre (D)
  A polar bear (D)
  2 grizzly bears (D)
  2 yaks (D)
  A manticore (D)
  A porcupine (D)
  5 black bears (D)
  5 orc warriors (D)
  An ogre (D)
  A crocodile (D)
  3 giant frogs (D)
  2 giant slugs (D)
  2 water moccasins (D)
  An agate snail (D)
  A crimson imp (D)
  2 orc priests (D)
  3 orc wizards (D)
  A sheep (D)
  An adder (D)
  A worm zombie (D)
  A green rat (D)
  A giant mite (D)
  2 giant geckos (D)
  4 orcs (D)
  2 bats (D)
  A bat skeleton (D)
  A hobgoblin (D)
  A jackal (D)
  A quokka (D)
  A giant cockroach (D)
  2 goblins (D)
  A jackal skeleton (D)
  A rat (D)
64 creatures vanquished.

Notes
Turn   | Place    | Note
--------------------------------------------------------------
     0 | D        | MDvedh, the Gargoyle Fighter, began the quest for the Orb.
     0 | D        | Reached XP level 1. HP: 14/14 MP: 0/0
    14 | D        | Reached skill level 4 in Maces & Flails
    22 | D        | Reached XP level 2. HP: 14/19 MP: 1/1
   103 | D        | Noticed an ogre
   103 | D        | Noticed a crimson imp
   112 | D        | Reached skill level 5 in Maces & Flails
   116 | D        | Killed an ogre
   116 | D        | Reached skill level 9 in Maces & Flails
   116 | D        | Reached XP level 3. HP: 12/24 MP: 2/2
   116 | D        | Reached XP level 4. HP: 14/28 MP: 3/3
   121 | D        | Killed a crimson imp
   121 | D        | Reached skill level 10 in Maces & Flails
   121 | D        | Reached XP level 5. HP: 15/33 MP: 4/4
   290 | D        | Found a snail-covered altar of Cheibriados.
   290 | D        | Found an iron altar of Okawaru.
   290 | D        | Found a sparkling altar of Nemelex Xobeh.
   290 | D        | Found a basalt altar of Yredelemnul.
   290 | D        | Found a burning altar of Makhleb.
   290 | D        | Found a radiant altar of Vehumet.
   290 | D        | Found a bloodstained altar of Trog.
   291 | D        | Found a white marble altar of Elyvilon.
   292 | D        | Found a blossoming altar of Fedhas.
   293 | D        | Found an ancient bone altar of Kikubaaqudgha.
   294 | D        | Found a glowing golden altar of the Shining One.
   295 | D        | Found a shimmering altar of Xom.
   296 | D        | Found a glowing silver altar of Zin.
   297 | D        | Found a shattered altar of Ashenzari.
   298 | D        | Found a deep blue altar of Sif Muna.
   299 | D        | Found an ancient bone altar of Kikubaaqudgha.
   300 | D        | Found a deep blue altar of Sif Muna.
   311 | D        | Became a worshipper of Makhleb the Destroyer
   381 | D        | Noticed a water moccasin
   381 | D        | Noticed a manticore
   381 | D        | Noticed a troll
   381 | D        | Noticed a giant frog
   385 | D        | Killed a water moccasin
   385 | D        | Reached skill level 11 in Maces & Flails
   386 | D        | Reached skill level 5 in Fighting
   396 | D        | Killed a manticore
   396 | D        | Acquired Makhleb's first power
   396 | D        | Reached XP level 6. HP: 13/40 MP: 5/5
   400 | D        | Killed a troll
   400 | D        | Reached skill level 12 in Maces & Flails
   400 | D        | Reached XP level 7. HP: 12/46 MP: 6/6
   405 | D        | Killed a giant frog
   405 | D        | Acquired Makhleb's second power
   613 | D        | Noticed a hill giant
   613 | D        | Noticed a troll
   613 | D        | Noticed a two-headed ogre
   613 | D        | Noticed a yak
   619 | D        | Killed a hill giant
   619 | D        | Reached skill level 13 in Maces & Flails
   619 | D        | Reached XP level 8. HP: 50/52 MP: 7/7
   627 | D        | Reached skill level 10 in Fighting
   631 | D        | Killed a troll
   631 | D        | Reached skill level 10 in Armour
   634 | D        | Killed a two-headed ogre
   634 | D        | Acquired Makhleb's third power
   634 | D        | Reached skill level 14 in Maces & Flails
   639 | D        | Killed a yak
   684 | D        | Acquired Makhleb's fourth power
   823 | D        | Noticed a yak
   823 | D        | Noticed a giant slug
   823 | D        | Noticed a spiny frog
   823 | D        | Noticed a giant slug
   830 | D        | Killed a yak
   830 | D        | Reached XP level 9. HP: 49/59 MP: 8/8
   840 | D        | Killed a giant slug
   844 | D        | Killed a spiny frog
   849 | D        | Acquired Makhleb's fifth power
   853 | D        | Noticed a giant frog
   858 | D        | Killed a giant slug
   858 | D        | Reached skill level 15 in Maces & Flails
   863 | D        | Killed a giant frog
   880 | D        | Noticed a spiny frog
   880 | D        | Noticed a giant frog
   880 | D        | Noticed a water moccasin
   880 | D        | Noticed a spiny frog
   880 | D        | Noticed an agate snail
   887 | D        | Noticed a crocodile
   889 | D        | Killed a spiny frog
   890 | D        | Noticed a porcupine
   890 | D        | Killed a giant frog
   894 | D        | Killed a water moccasin
   900 | D        | Killed a spiny frog
   912 | D        | Killed an agate snail
   917 | D        | Killed a crocodile
   920 | D        | Killed a porcupine
   933 | D        | Noticed a black bear
   933 | D        | Noticed a black bear
   933 | D        | Noticed a black bear
   933 | D        | Noticed a polar bear
   933 | D        | Noticed a grizzly bear
   933 | D        | Noticed a black bear
   933 | D        | Noticed a grizzly bear
   935 | D        | Killed a black bear
   938 | D        | Killed a black bear
   938 | D        | Reached XP level 10. HP: 67/67 MP: 9/9
   941 | D        | Noticed a black bear
   941 | D        | Killed a polar bear
   941 | D        | Reached skill level 16 in Maces & Flails
   947 | D        | Killed a grizzly bear
   955 | D        | Killed a grizzly bear
   960 | D        | Killed a black bear
   961 | D        | Killed a black bear
   964 | D        | Killed a black bear
  1096 | D        | Noticed an orc sorcerer
  1096 | D        | Noticed an orc warrior
  1096 | D        | Noticed an orc priest
  1096 | D        | Noticed an orc priest
  1096 | D        | Noticed an orc warrior
  1096 | D        | Noticed an orc warrior
  1103 | D        | Killed an orc sorcerer
  1109 | D        | Killed an orc warrior
  1110 | D        | Noticed an orc wizard
  1111 | D        | Noticed an orc wizard
  1114 | D        | Killed an orc warrior
  1115 | D        | Noticed an orc wizard
  1116 | D        | Killed an orc warrior
  1123 | D        | Killed an orc priest
  1127 | D        | Killed an orc priest
  1131 | D        | Killed an orc wizard
  1138 | D        | Killed an orc wizard
  1143 | D        | Killed an orc wizard
  1190 | D        | Noticed an orc warrior
  1190 | D        | Noticed an orc warrior
  1190 | D        | Noticed an orc warrior
  1190 | D        | Noticed an orc priest
  1190 | D        | Noticed an orc sorcerer
  1190 | D        | Noticed an orc warrior
  1190 | D        | Noticed an orc knight
  1193 | D        | Noticed an orc knight
  1198 | D        | Killed an orc warrior
  1200 | D        | Killed an orc warrior
  1201 | D        | Noticed an orc warrior
  1203 | D        | Killed an orc sorcerer
  1203 | D        | Reached skill level 17 in Maces & Flails
  1204 | D        | Noticed an orc wizard
  1206 | D        | Noticed an orc warrior
  1219 | D        | Mangled by an orc knight

Action                   |  1- 3 |  4- 6 |  7- 9 | 10-12 || total
-------------------------+-------+-------+-------+-------++-------
Melee: Mace              |    26 |     5 |       |       ||    31
       Dire flail        |       |    17 |   107 |    95 ||   219
  Use: Potion            |       |     1 |       |       ||     1
